 Dungeon Crawl Stone Soup version 0.27-a0-1416-g941b2bd30b (webtiles) character file.

Game seed: 6510097441653543506

310 spiderkeys the Skirmisher (level 6, -5/43 HPs)
             Began as an Octopode Abyssal Knight on July 2, 2021.
             Was a Believer of Lugonu.
             Slain by a gnoll (12 damage)
             ... on level 4 of the Dungeon.
             The game lasted 00:04:08 (4506 turns).

spiderkeys the Skirmisher (Octopode Abyssal Knight) Turns: 4506, Time: 00:04:08

Health: -5/43      AC:  1    Str: 13    XL:     6   Next: 41%
Magic:  8/8        EV: 11    Int: 14    God:    Lugonu [**....]
Gold:   235        SH:  9    Dex: 12    Spells: 5/5 levels left

rFire    . . .     SeeInvis .   a - +1 spear
rCold    . . .     Faith    +   l - +2 kite shield
rNeg     . . .     Spirit   .   (helmet restricted)
rPois    .         Reflect  .   T - amulet of faith {!P}
rElec    .         Harm     .   Y - +4 ring of slaying
rCorr    .         Rampage  .   (no ring)
Will     .....                  (no ring)
Stlth    ++........             (no ring)
HPRegen  0.14/turn              (no ring)
MPRegen  0.11/turn              (no ring)
                                (no ring)
                                (no ring)

@: no status effects
A: almost no armour, amphibious, 8 rings, camouflage 1, gelatinous body 1,
(nimble swimmer 1), tentacles
a: Renounce Religion, Depart the Abyss, Bend Space


You were on level 4 of the Dungeon.
You worshipped Lugonu.
Lugonu was pleased with you.
You visited 1 branch of the dungeon, and saw 4 of its levels.
You visited the Abyss 1 time.

You collected 235 gold pieces.


Innate Abilities, Weirdness & Mutations

You cannot wear most types of armour.
You are amphibious.
You can wear up to eight rings at the same time.
Your skin changes colour to match your surroundings (Stealth+).
Your rubbery body absorbs attacks. (AC +1, EV +1)
((You are camouflaged near water. (Stealth+)))
You have tentacles for arms and can constrict up to eight enemies at once.


   Skills:
 + Level 4.2 Fighting
 + Level 3.6 Polearms
 + Level 3.8 Dodging
 + Level 0.6 Shields
 + Level 3.9 Invocations


You had 5 spell levels left.
You didn't know any spells.
Your spell library contained the following spells:

 Spells                   Type           Power      Damage    Failure   Level
 Corona                   Hex            0%         N/A       88%         1
 Magic Dart               Conj           0%         1d3       88%         1
 Shock                    Conj/Air       0%         1d3       88%         1
 Call Imp                 Summ           0%         N/A       95%         2
 Ensorcelled Hibernation  Hex/Ice        0%         N/A       95%         2
 Slow                     Hex            0%         N/A       95%         2
 Confusing Touch          Hex            0%         N/A       99%         3
 Conjure Flame            Conj/Fire      0%         6-21      99%         3
 Ignite Poison            Fire/Tmut/Pois 0%         N/A       99%         3
 Mephitic Cloud           Conj/Pois/Air  0%         N/A       99%         3
 Portal Projectile        Hex/Tloc       0%         N/A       99%         3
 Swiftness                Air            0%         N/A       99%         3
 Tukima's Dance           Hex            0%         N/A       99%         3
 Vampiric Draining        Necr           0%         2d6       99%         3
 Airstrike                Air            0%         N/A       100%        4
 Petrify                  Tmut/Erth      0%         N/A       100%        4
 Sticky Flame             Conj/Fire      0%         2d3       100%        4
 Blade Hands              Tmut           0%         N/A       100%        5
 Excruciating Wounds      Necr           0%         N/A       100%        5
 Yara's Violent Unravell  Hex/Tmut       0%         3d3       100%        5

Inventory:

Hand Weapons
 a - a +1 spear (weapon)
Missiles
 b - 27 sling bullets
 d - 153 stones
 e - 65 arrows
Armour
 l - a +2 kite shield (worn)
   (You found it on level 4 of the Dungeon)
Jewellery
 C - a ring of ice
   (You found it on level 2 of the Dungeon)
 F - a ring of fire
   (You found it on level 1 of the Dungeon)
 T - an amulet of faith (around mantle) {!P}
   (You found it on level 3 of the Dungeon)
 Y - a +4 ring of slaying (left tentacle)
   (You found it on level 4 of the Dungeon)
Wands
 m - a wand of flame (10)
   (You took it off Jessica on level 2 of the Dungeon)
Scrolls
 f - 2 scrolls of vulnerability {!r!r}
 j - a scroll of enchant weapon
Potions
 c - 2 potions of brilliance {unknown}
 g - 2 potions of haste {unknown}
 h - 2 potions of might {unknown}
 i - a potion of attraction {unknown}
 k - a potion of lignification {unknown}
 n - a potion of resistance {unknown}

Dungeon Overview and Level Annotations

Branches:
Dungeon (4/15)
 Temple: D:4-7

Altars:
Cheibriados
Dithmenos
Trog
Xom

Shops:
D:2 [

Annotations:
D:2 1 runed translucent door, Crazy Yiuf

.#.###.####### ##. .#.#.........#
###########.# .#.#.#.#####.#
#.†........## .....#.#
#.#####...[# ...###.### #.#
#....## ....†....# #.# ###...#
.#######.####################.##.
.# #......................### g#
###.#.#g.@...##.#...#### )#
##..#..#.#...#.#.#.# # ..#
#.#.#..#.....#.....# ## ...#
#...#.#.###..###.#.# ##. ....#
########## ############..
..<..####.....#######.......##...
....(+.......................+...
.....####.....#######.#...#.##...
....## ##...## #.....#.###..


You could see a gnoll.


Message History

Your hp is fully restored (43).
A jackal is nearby!
A jackal is nearby!
A jackal is nearby!
There is an open door here.
A jackal comes into view.
You reach to attack!
The helpless jackal fails to defend itself.
You hit the jackal. The jackal closely misses you.
You completely miss the jackal. Your grab misses the jackal.
The jackal barks!
You block the jackal's attack.
You puncture the jackal!
You kill the jackal!
Lugonu accepts your kill. You block the jackal's attack.
The jackal completely misses you.
You hit the jackal. You grab the jackal. You constrict the jackal.
You kill the jackal!
Lugonu accepts your kill.
No target in view!
No target in view!
Key pressed, stopping explore.
A goblin comes into view. It is wielding a +0 club.
The goblin shouts!
A goblin is nearby!
You reach to attack!
You puncture the goblin!
You kill the goblin!
Lugonu accepts your kill.
No target in view!
Things that are here:
a +0 club; a goblin corpse You open the door.
There is an open door here.
You open the door.
There is an open door here.
You see here a +0 club.
d - 153 stones (gained 18)
You open the door.
A giant cockroach comes into view.
A giant cockroach is nearby!
There is an open door here.
You reach to attack!
The helpless giant cockroach fails to defend itself.
You puncture the giant cockroach!
You kill the giant cockroach!
Lugonu accepts your kill.
No target in view!
No target in view!
You now have 235 gold pieces (gained 11).
There is an open door here.
You see here a hobgoblin skeleton.
Key pressed, stopping explore.
There is an open door here.
There is an open door here.
You open the door. 3 gnolls come into view.
The gnoll shouts! x3
A quokka comes into view.
Found 20 stones.
Found a stone staircase leading up.
A necrophage comes into view.
The gnoll closely misses you.
The necrophage moves out of view.
There is an open door here.
You reach to attack!
You hit the gnoll.
The gnoll hits you from afar with a +0 halberd! 😕 HP[-8]
You take 8 damage, and now have 35/43 hp.
You puncture the gnoll! You grab the gnoll.
You constrict the gnoll, but do no damage.
The gnoll barely misses you. The gnoll hits you with a +0 flail!
The gnoll misses you. 😮 HP[-8]
You take 8 damage, and now have 27/43 hp.
You puncture the gnoll!
You kill the gnoll!
Lugonu accepts your kill. You block the gnoll's attack.
The quokka bites you. 😮 HP[-4]
You take 4 damage, and now have 23/43 hp. 😮 HP[+1]
You hit the quokka.
You kill the quokka!
Lugonu accepts your kill. The gnoll hits you with a +0 flail!
* * * LOW HITPOINT WARNING * * *
You see here a quokka corpse. 😨 HP[-9]
You take 9 damage, and now have 15/43 hp.
MASSIVE DAMAGE!! (PAUSE) 😨 HP[+1]
You hit the gnoll. You grab the gnoll. You constrict the gnoll.
The gnoll hits you with a +0 flail!
* * * LOW HITPOINT WARNING * * *
😱 HP[-10]
You take 10 damage, and now have 6/43 hp.
MASSIVE DAMAGE!! (PAUSE)
You release your grip on the gnoll. 😱 HP[+1]
The gnoll hits you from afar with a +0 halberd!
You die...

Skill      XL: |  1  2  3  4  5 |
---------------+----------------+-----
Dodging        | 3 |  3.8
Invocations    | 3 |  3.9
Polearms       | 3 |  3.6
Fighting       | 4 |  4.2
Shields        | |  0.6

Action                   |  1- 3 |  4- 6 || total
-------------------------+-------+-------++-------
Melee: Spear             |    66 |   132 ||   198
       Constrict         |    13 |    25 ||    38
       Tentacles         |     6 |    19 ||    25
  Use: Scroll            |       |     3 ||     3
 Stab: Sleeping          |     9 |    11 ||    20
Armor: Skin              |     2 |     3 ||     5
Dodge: Dodged            |    24 |    38 ||    62
Block: Kite shield       |       |    11 ||    11

Levels and vault maps discovered:
D:1:      minmay_arrival_nine_rooms, layout_loops_ring
D:2:      minmay_spotlight, layout_basic, basic_altar, serial_shops,
          nicolae_shop_statue_plus, uniq_crazy_yiuf_cottage, uniq_jessica
D:3:      layout_basic, old_standard_altar, lemuel_crystal_altar,
          lemuel_crystal_altar, minmay_misc_feat_chi
D:4:      layout_loops_corners, minmay_misc_feat_rugged

Notes
Turn   | Place    | Note
-------+----------+-------------------------------------------
     0 | Abyss:1  | spiderkeys the Octopode Abyssal Knight began the quest for
                  | the Orb.
     0 | Abyss:1  | Reached XP level 1. HP: 16/16 MP: 2/2
     0 | Abyss:1  | magus.rc [v1.9.10]
    30 | Abyss:1  | Noticed an iron imp
    45 | Abyss:1  | Killed an iron imp
    46 | Abyss:1  | Reached XP level 2. HP: 6/21 MP: 3/3
    46 | Abyss:1  | Reached XP level 3. HP: 8/26 MP: 4/4
    56 | D:1      | You pass through the gate.
    56 | D:1      | Escaped the Abyss
   527 | D:1      | You pick up a book of Minor Magic and begin reading...
   527 | D:1      | You add the spells Magic Dart, Call Imp and Mephitic Cloud
                  | to your library.
   540 | D:1      | You pick up a book of Misfortune and begin reading...
   540 | D:1      | You add the spells Slow, Confusing Touch and Yara's Violent
                  | Unravelling to your library.
  1155 | D:2      | Reached ** piety under Lugonu
  1242 | D:2      | You add the spells Conjure Flame, Ignite Poison and Sticky
                  | Flame to your library.
  1326 | D:2      | Reached skill level 3 in Dodging
  1326 | D:2      | Reached XP level 4. HP: 28/31 MP: 6/6
  1421 | D:2      | Found Hewupion's Antique Armour Emporium.
  1539 | D:2      | Found a shimmering altar of Xom.
  1620 | D:2      | Noticed Jessica
  1629 | D:2      | Killed Jessica
  1630 | D:2      | Reached skill level 3 in Invocations
  2003 | D:2      | Reached skill level 3 in Polearms
  2110 | D:2      | Reached XP level 5. HP: 37/37 MP: 7/7
  2193 | D:2      | Found a runed translucent door.
  2194 | D:2      | Noticed Crazy Yiuf
  2468 | D:3      | Found a bloodstained altar of Trog.
  2479 | D:3      | You fall into a shaft and drop 1 floor!
  2528 | D:3      | You pick up a book of Maledictions and begin reading...
  2528 | D:3      | You add the spells Corona, Ensorcelled Hibernation and
                  | Tukima's Dance to your library.
  2580 | D:3      | Found a shadowy altar of Dithmenos.
  2690 | D:3      | Reached skill level 4 in Fighting
  2920 | D:3      | HP: 9/37 [gnoll (4)]
  2922 | D:3      | Reached XP level 6. HP: 11/43 MP: 8/8
  3164 | D:3      | You pick up a book of Debilitation and begin reading...
  3164 | D:3      | You add the spells Vampiric Draining and Petrify to your
                  | library.
  3294 | D:3      | Found a snail-covered altar of Cheibriados.
  3553 | D:4      | You pick up a book of Weapons and begin reading...
  3553 | D:4      | You add the spells Portal Projectile, Excruciating Wounds
                  | and Blade Hands to your library.
  3582 | D:4      | You pick up a book of Air and begin reading...
  3582 | D:4      | You add the spells Shock, Swiftness and Airstrike to your
                  | library.
  4480 | D:4      | Noticed a necrophage
  4501 | D:4      | HP: 6/43 [gnoll (10)]
  4506 | D:4      | Slain by a gnoll

Vanquished Creatures
  A bullfrog (D:3)
  An orc priest (D:4)
  An iron imp (Abyss:1)
  Jessica (D:2)
  4 gnolls
  3 adders
  An adder skeleton (D:4)
  A worm (D:2)
  A dart slug (D:3)
  4 orcs
  7 ball pythons
  6 endoplasms
  4 giant cockroaches
  3 goblins
  10 hobgoblins
  5 jackals (D:4)
  6 quokkas
  4 bats (D:2)
  3 frilled lizards
  8 kobolds
  5 rats
79 creatures vanquished.

Table legend:
 A = Non-vault XP
 B = Vault XP
 C = Vault XP percentage of total XP
 D = Non-vault monster count
 E = Vault monster count
 F = Vault count percentage of total count
                 A         B        C        D         E       F
            +---------+---------+-------+---------+---------+-------
      Total |     390 |      54 |  12.2 |      75 |       4 |   5.1
            +---------+---------+-------+---------+---------+-------
        D:1 |      24 |       0 |   0.0 |      15 |       0 |   0.0
        D:2 |      49 |      54 |  52.4 |      21 |       4 |  16.0
        D:3 |     165 |       0 |   0.0 |      16 |       0 |   0.0
        D:4 |     113 |       0 |   0.0 |      22 |       0 |   0.0
    Abyss:1 |      39 |       0 |   0.0 |       1 |       0 |   0.0
            +---------+---------+-------+---------+---------+-------

Illustrated notes

Table legend:
 A = Kills in this place as a percentage of kills in entire the game.
 B = Kills by you in this place as a percentage of kills by you in the entire game.
 C = Kills by friends in this place as a percentage of kills by friends in the entire game.
 D = Other kills in this place as a percentage of other kills in the entire game.
 E = Experience gained in this place as a percentage of experience gained in the entire game.
 F = Experience gained in this place divided by the number of levels of this place that you have seen.
                   A       B       C       D       E      F
               +-------+-------+-------+-------+-------+----------------------
         Total | 100.0 | 100.0 |   N/A |   N/A | 100.0 |  88.8
       Dungeon |  98.7 |  98.7 |   N/A |   N/A |  91.2 | 101.2
         Abyss |   1.3 |   1.3 |   N/A |   N/A |   8.8 |  39.0
               +-------+-------+-------+-------+-------+----------------------

Table legend: (Time is in decaauts)
 A = Elapsed time spent in this place.
 B = Non-inter-level travel time spent in this place.
 C = Inter-level travel time spent in this place.
 D = Time resting spent in this place.
 E = Time spent auto-exploring this place.
 F = Levels seen in this place.
 G = Mean time per level.
                   A        B        C        D        E       F      G
               +--------+--------+--------+--------+--------+-----+--------+
         Total |   4510 |   4315 |    195 |      0 |   3745 |   5 |  902.0 |
       Dungeon |   4454 |   4259 |    195 |      0 |   3735 |   4 | 1113.5 |
         Abyss |     56 |     56 |      0 |      0 |     10 |   1 |   56.0 |
               +--------+--------+--------+--------+--------+-----+--------+

Top non-repeatable levels by time:
     D:2: 1334 daAuts
     D:3: 1074 daAuts
     D:4: 1035 daAuts
     D:1: 1009 daAuts
 Abyss:1: 56 daAuts
